 Dungeon Crawl Stone Soup version 0.18-b1-2-gd0c887e (webtiles) character file.

4494 ricardofg the Conjurer (level 10, 0/57 HPs)
             Began as a Gargoyle Wizard on Apr 28, 2016.
             Slain by a troll (6 damage)
             ... on level 9 of the Dungeon.
             The game lasted 00:57:11 (10765 turns).

ricardofg the Conjurer (Gargoyle Wizard)           Turns: 10765, Time: 00:57:12

Health: 0/57       AC: 13    Str: 13    XL:     10   Next: 38%
Magic:  17/29      EV: 12    Int: 26    God:
Gold:   452        SH:  0    Dex:  8    Spells: 4 memorised, 13 levels left

rFire  + . .     SeeInvis .     S - +7 hand axe "Aplimo" {flame, *Drain +Fly rF+ Str+3}
rCold  + . .     Gourm    .     a - +0 robe
rNeg   + . .     Faith    .     (no shield)
rPois  ∞         Spirit   .     b - +0 hat
rElec  +         Dismiss  .     (no cloak)
rCorr  .         Reflect  .     P - +2 pair of gloves of Integrity {rElec rC+ Stlth-}
SustAt +         Harm     .     f - +0 pair of boots
MR     .....                    (no amulet)
Stlth  +.........               B - ring of Oceegoj {SustAt rPois Int+3}
                                g - ring of magical power

@: not resistant to hostile enchantments, very unstealthy
A: negative energy resistance 1, electricity resistance, unbreathing,
petrification resistance, rot immunity, AC +7
a: Evoke Flight


You were on level 9 of the Dungeon.
You were not hungry.

You visited 2 branches of the dungeon, and saw 10 of its levels.

You collected 556 gold pieces.
You spent 104 gold pieces at shops.

Inventory:

Hand Weapons
 m - a +0 whip
 x - a +0 whip of freezing
 D - a +2 whip of pain
 F - a +3 dagger of venom
 O - the +5 short sword "Juhunt" {pierce, +Blink Dex+5}
   (You found it on level 8 of the Dungeon)

   It inflicts extra damage upon your enemies.
   It affects your dexterity (+5).
   It lets you blink.
 S - the +7 hand axe "Aplimo" (weapon) {flame, *Drain +Fly rF+ Str+3}
   (You found it on level 9 of the Dungeon)

   It has been specially enchanted to burn those struck by it, causing extra
   injury to most foes and up to half again as much damage against particularly
   susceptible opponents.
   Big, fiery blades are also staple armaments of hydra-hunters.
   It affects your strength (+3).
   It protects you from fire.
   It lets you fly.
   It causes draining when unequipped.
Armour
 a - a +0 robe (worn)
 b - a +0 hat (worn)
 f - a +0 pair of boots (worn)
 L - a +0 buckler
 P - the +2 pair of gloves of Integrity (worn) {rElec rC+ Stlth-}
   (You found it on level 8 of the Dungeon)

   It protects you from cold.
   It insulates you from electricity.
   It makes you less stealthy.
Jewellery
 e - a +3 ring of intelligence
 g - a ring of magical power (left hand)
 j - an uncursed amulet of rage
 p - an uncursed ring of ice
 B - the ring of Oceegoj (right hand) {SustAt rPois Int+3}
   (You found it on level 5 of the Dungeon)

   [ring of sustain attributes]

   It sustains your strength, intelligence and dexterity.
   It affects your intelligence (+3).
   It protects you from poison.
 M - an uncursed ring of protection from cold
Wands
 o - a wand of digging (13/24)
 v - a wand of flame (21/48)
 I - a wand of polymorph (8/24)
 K - a wand of acid (11/15)
 N - a wand of paralysis (17/24)
 Q - a wand of random effects (20/48)
 R - a wand of lightning (12/15)
Scrolls
 h - 4 scrolls of remove curse
 i - 2 scrolls of teleportation
 r - a scroll of fog
 t - a scroll of immolation {unknown}
 w - 2 scrolls of amnesia
 y - a scroll of magic mapping {unknown}
 z - a scroll of enchant weapon {unknown}
 C - a scroll of recharging {unknown}
 E - a scroll of identify
 H - a scroll of random uselessness {unknown}
 J - a scroll of fear {unknown}
Potions
 k - 4 potions of brilliance
 l - 2 potions of resistance
 q - a potion of invisibility {unknown}
 s - 5 potions of curing
 u - 2 potions of heal wounds
 A - a potion of agility {unknown}
 T - a potion of might {unknown}
Books
 c - a book of Minor Magic

   Spells                             Type                      Level
   a - Magic Dart                     Conjuration                  1
   b - Blink                          Translocation                2
   c - Call Imp                       Summoning                    2
   d - Repel Missiles                 Charms/Air                   2
   e - Slow                           Hexes                        2
   f - Conjure Flame                  Conjuration/Fire             3
   g - Mephitic Cloud                 Conjuration/Poison/Air       3
Comestibles
 d - 5 bread rations
 n - 5 meat rations


   Skills:
 + Level 4.2 Fighting
 + Level 3.9 Maces & Flails
 + Level 5.2 Armour
 + Level 3.9 Dodging
 - Level 2.1 Stealth
 + Level 1.8 Shields
 + Level 6.7 Spellcasting
 + Level 7.2 Conjurations
   Level 0.8 Summonings
   Level 0.8 Translocations
 + Level 3.6 Fire Magic
 + Level 3.4 Air Magic
 + Level 3.6 Evocations


You had 13 spell levels left.
You knew the following spells:

 Your Spells              Type           Power        Failure   Level  Hunger
a - Magic Dart            Conj           ####         1%          1    None
b - Repel Missiles        Chrm/Air       ###...       6%          2    None
c - Conjure Flame         Conj/Fire      #####...     1%          3    None
d - Mephitic Cloud        Conj/Pois/Air  ####....     6%          3    None


Dungeon Overview and Level Annotations

Branches:
Dungeon (9/15)             Temple (1/1) D:6            Lair (0/8) D:9
    Orc (0/2) D:9

Altars:
Ashenzari
Cheibriados
Dithmenos
Fedhas
Gozag
Kikubaaqudgha
Nemelex Xobeh
Okawaru
Pakellas
Qazlal
Ru
Sif Muna
Trog
Yredelemnul
Zin

Shops:
D:8 *(!


Innate Abilities, Weirdness & Mutations

You are resistant to torment.
Your stone body is resilient (AC +7).
You are immune to poison.
You resist negative energy.
You are resistant to electric shocks.
You can survive without breathing.
You are immune to petrification.
You are immune to rotting.


Message History

The magic dart hits the troll.
The troll is almost dead.
The troll seems less confused.
The troll bites you but does no damage. The troll claws you but does no damage.
The troll claws you!
* * * LOW HITPOINT WARNING * * *
Drink which item? (? for menu, Esc to quit)
You feel much better. The troll bites you!
* * * LOW HITPOINT WARNING * * *
The troll claws you but does no damage. The troll claws you.
* * * LOW HITPOINT WARNING * * *
Casting: Magic Dart
Confirm with . or Enter, or press ? or * to list all spells.
Aiming: Mephitic Cloud
Press: ? - help, Shift-Dir - straight line, f/p - troll
Aim: a troll (severely wounded)
The ball explodes into a vile cloud!
The stinking cloud engulfs the troll.
The troll is severely wounded.
The stinking cloud engulfs you!
The troll is engulfed in noxious fumes.
The troll barely misses you. The troll claws you.
You die...

#...#####.#.......####.#.#
###......).##(....##
#....# ..........§###...##
#....#
##..............####.....
#<......)...##...........
#.........#.............#
#......§§§#####.##.......
#...<..§T.# #...##.......
#.......@§# #...#.o#.####
##........# #....o§..#
##.....#.# #...##h.##
#######># #...##h# #.#
#...##§# #.# #...# #.###
#..####### #...##
##........
###..###..#.o..h.


You could see a troll.

Vanquished Creatures
  Pikel (D:7)
  A hippogriff (D:9)
  2 wargs (D:9)
  An orc warrior (D:8)
  A black bear (D:6)
  2 sky beasts
  An ice beast (D:9)
  A necrophage (D:5)
  2 slaves (D:7)
  A centaur (D:5)
  5 ogres
  An eye of draining (D:9)
  2 big kobolds
  A gnoll sergeant (D:6)
  3 giant frogs
  10 killer bees
  2 scorpions
  3 howler monkeys
  2 centaur zombies
  2 giant frog zombies
  A crimson imp (D:5)
  2 jellies
  4 centaur skeletons
  A gnoll shaman (D:5)
  5 hounds
  10 orc priests
  A giant frog skeleton (D:6)
  8 orc wizards
  9 worker ants
  2 iguanas
  A worker ant zombie (D:9)
  11 adders
  13 gnolls
  3 shadow imps
  3 adder skeletons
  2 worms
  3 dart slugs
  4 giant geckos
  31 orcs
  2 giant cockroaches
  A goblin (D:2)
  5 hobgoblins
  10 jackals
  8 kobolds
  5 quokkas
  4 bats
  6 giant newts
  6 rats
205 creatures vanquished.

Vanquished Creatures (others)
  A crocodile (D:7)
1 creature vanquished.

Grand Total: 206 creatures vanquished

Notes
Turn   | Place    | Note
--------------------------------------------------------------
     0 | D:1      | ricardofg the Gargoyle Wizard began the quest for the Orb.
     0 | D:1      | Reached XP level 1. HP: 10/10 MP: 4/4
   478 | D:1      | Reached XP level 2. HP: 15/15 MP: 6/6
   959 | D:1      | Reached skill level 2 in Conjurations
  1342 | D:2      | Reached XP level 3. HP: 19/19 MP: 7/7
  1346 | D:2      | Learned a level 2 spell: Repel Missiles
  1350 | D:2      | Learned a level 3 spell: Conjure Flame
  1854 | D:3      | Learned a level 3 spell: Mephitic Cloud
  2036 | D:3      | Reached skill level 3 in Conjurations
  2036 | D:3      | Reached XP level 4. HP: 24/24 MP: 9/9
  2096 | D:3      | Found a blossoming altar of Fedhas.
  2169 | D:3      | Found a snail-covered altar of Cheibriados.
  2376 | D:4      | Noticed an ogre
  2383 | D:4      | Killed an ogre
  2383 | D:4      | Reached skill level 4 in Conjurations
  2383 | D:4      | Reached XP level 5. HP: 28/28 MP: 9/11
  2635 | D:4      | Reached XP level 6. HP: 9/32 MP: 13/13
  3054 | D:4      | Found a sacrificial altar of Ru.
  3157 | D:4      | Reached skill level 5 in Spellcasting
  3157 | D:4      | Reached skill level 5 in Conjurations
  3700 | D:4      | Reached XP level 7. HP: 36/36 MP: 15/15
  3982 | D:5      | Entered Level 5 of the Dungeon
  4020 | D:5      | Got a glittering bronze ring
  4237 | D:5      | Reached skill level 1 in Fighting
  4250 | D:5      | Reached skill level 1 in Fire Magic
  4264 | D:5      | Reached skill level 1 in Armour
  4377 | D:5      | Identified the ring of Oceegoj {SustAt rPois Int+3} (You found it on level 5 of the Dungeon)
  4401 | D:5      | Reached skill level 1 in Evocations
  4445 | D:5      | Reached skill level 1 in Maces & Flails
  4445 | D:5      | Reached skill level 1 in Air Magic
  4449 | D:5      | Reached XP level 8. HP: 43/43 MP: 11/16
  5230 | D:6      | Reached skill level 6 in Conjurations
  5740 | D:6      | Reached XP level 9. HP: 43/49 MP: 18/18
  5993 | D:6      | Found a staircase to the Ecumenical Temple.
  5998 | Temple   | Entered the Ecumenical Temple
  7313 | D:7      | Noticed Pikel
  7335 | D:7      | Killed Pikel
  7990 | D:7      | Found an oddly glowing altar of Pakellas.
  7990 | D:7      | Noticed a brown ugly thing
  8028 | D:8      | Found Secacey's General Store.
  8498 | D:8      | Found Bem Wedee's Weapon Boutique.
  8501 | D:8      | Found Lualomau's Distillery.
  8509 | D:8      | Bought a potion of curing for 39 gold pieces
  8509 | D:8      | Bought a potion of heal wounds for 65 gold pieces
  8674 | D:8      | Got a pair of jewelled gloves
  8680 | D:8      | Identified the +2 pair of gloves of Integrity {rElec rC+ Stlth-} (You found it on level 8 of the Dungeon)
  8731 | D:8      | Reached XP level 10. HP: 56/56 MP: 12/19
  8874 | D:8      | Reached skill level 7 in Conjurations
  9064 | D:8      | Reached skill level 1 in Shields
  9315 | D:8      | Got an ancient short sword
  9316 | D:8      | Identified the +5 short sword "Juhunt" {pierce, +Blink Dex+5} (You found it on level 8 of the Dungeon)
  9980 | D:9      | Reached skill level 5 in Armour
 10152 | D:9      | Got a bloodstained hand axe
 10158 | D:9      | Identified the +7 hand axe "Aplimo" {flame, *Drain +Fly rF+ Str+3} (You found it on level 9 of the Dungeon)
 10183 | D:9      | Found a staircase to the Orcish Mines.
 10295 | D:9      | Found a staircase to the Lair.
 10761 | D:9      | HP: 1/57 [troll (8)]
 10765 | D:9      | Slain by a troll

Skill      XL: |  1  2  3  4  5  6  7  8  9 10 |
---------------+-------------------------------+-----
Conjurations   | 2 3 4 5 6 7 |  7.2
Spellcasting   | 4 5 6 |  6.7
Fighting       | 1 2 3 4 |  4.2
Fire Magic     | 1 2 3 |  3.6
Armour         | 1 3 4 5 |  5.2
Dodging        | 2 3 |  3.9
Evocations     | 1 2 3 |  3.6
Maces & Flails | 1 2 3 |  3.9
Air Magic      | 1 2 3 |  3.4
Shields        | 1 |  1.8
Stealth        | |  2.1
Summonings     | |  0.8
Translocations | |  0.8

Action                   |  1- 3 |  4- 6 |  7- 9 | 10-12 || total
-------------------------+-------+-------+-------+-------++-------
Melee: Unarmed           |     8 |       |       |       ||     8
       Whip              |    49 |    85 |   283 |    21 ||   438
       Short sword       |       |       |       |    55 ||    55
       Hand axe          |       |       |       |    29 ||    29
 Cast: Magic Dart        |    63 |    67 |   265 |    97 ||   492
       Mephitic Cloud    |       |     5 |    27 |    16 ||    48
       Conjure Flame     |       |     5 |    28 |    11 ||    44
       Repel Missiles    |       |       |     1 |       ||     1
  Use: Scroll            |       |     5 |     5 |     1 ||    11
       Potion            |       |       |       |     2 ||     2
 Stab: Sleeping          |       |     1 |       |       ||     1
       Confused          |       |     1 |     2 |     1 ||     4
  Eat: Chunk             |     3 |     6 |    13 |     3 ||    25
       Beef jerky        |       |       |     2 |     1 ||     3
       Royal jelly       |       |       |       |     1 ||     1
       Fruit             |       |       |       |     1 ||     1
Armor: Robe              |    34 |    37 |   111 |    61 ||   243
Dodge: Dodged            |    60 |    60 |   183 |    69 ||   372
       Deflected         |       |       |     5 |       ||     5
